Map: Traitor's Exile

Players

slallum

  • Race: Zerg Zerg
  • League: Diamond
  • Spawn Location: 12:00

stormspirit

  • Race: Protoss Protoss
  • League: Silver
  • Spawn Location: 9:00

BuddhaSister

  • Race: Protoss Protoss
  • Spawn Location: 5:00

ILIEKEGGPIE

  • Race: Protoss Protoss
  • League: Platinum
  • Spawn Location: 6:00

VOD

Have the link to the VOD?

Description

Time

  • Played on: May 26, 2018, 8:58 a.m.
  • Length: 17:34
Show
View Real Time Build Order
Export as new Build Order

slallum Zerg 

Build Orders: Hatch First 

Get SALT Encoding   

  12  0:00  Drone  
  13  0:12  Overlord  
  13  0:18  Drone  
  14  0:31  Drone x2  
  14  0:35  Drone  
  17  0:54  Drone  
  18  0:58  Hatchery  
  17  1:06  Drone  
  17  1:08  Extractor  
  17  1:17  Spawning Pool  
  16  1:20  Drone  
  16  1:24  Drone  
  18  1:31  Drone  
  19  1:40  Drone  
  20  1:49  Overlord  
  20  2:05  Queen  
  22  2:09  Zergling x2  
  22  2:11  Queen  
  25  2:16  Zergling x2  
  26  2:26  Drone x2  
  26  2:27  Drone  
  29  2:32  Overlord  
  29  2:39  Drone  
  29  2:41  Metabolic Boost  
  30  2:52  Queen  
  30  2:54  Drone x2  
  30  2:55  Drone  
  35  3:00  Overlord  
  36  3:05  Zergling x2  
  36  3:13  Drone  
  37  3:20  Zergling x8  
  39  3:34  Zergling x10  
  40  3:39  Baneling Nest  
  43  3:41  Zergling x2  
  44  3:50  Drone  
  44  3:51  Drone  
  46  3:57  Drone  
  46  3:58  Drone  
  48  4:09  Zergling x10  
  52  4:17  Overlord x2  
  52  4:25  Overlord  
  52  4:27  Hatchery  
  52  4:28  Drone  
  52  4:38  Baneling  
  52  4:39  Baneling x3  
  52  4:44  Drone x5  
  52  4:45  Drone  
  58  4:59  Lair  
  50  5:17  Queen  
  48  5:23  Zergling x2  
  48  5:24  Zergling x10  
  54  5:30  Drone x2  
  54  5:31  Drone x2  
  58  5:40  Drone x3  
  61  5:49  Baneling x3  
  61  5:50  Baneling x6  
  61  5:51  Zergling x4  
  61  5:52  Zergling x6  
  61  5:55  Baneling  
  65  6:06  Zergling x6  
  65  6:07  Zergling x6  
  71  6:15  Extractor  
  59  6:45  Baneling x3  
  59  6:46  Baneling x6  
  55  6:53  Drone  
  55  6:54  Drone x15  
  69  7:07  Extractor  
  69  7:08  Extractor  
  67  7:15  Evolution Chamber  
  66  7:16  Spore Crawler, Evolution Chamber  
  61  7:25  Zergling x2  
  61  7:26  Zergling x12  
  67  7:42  Overseer  
  67  7:44  Overseer  
  67  7:45  Zergling x6  
  67  7:46  Zergling x4  
  67  7:49  Zerg Ground Armor Level 1  
  67  7:50  Zerg Melee Weapons Level 1  
  73  7:58  Drone x3  
  73  7:59  Drone x4  
  73  8:02  Infestation Pit  
  73  8:04  Extractor, Zergling x8  
  73  8:05  Extractor  
  80  8:08  Drone x2  
  80  8:10  Overlord x3  
  80  8:11  Overlord  
  82  8:14  Centrifical Hooks  
  82  8:30  Overlord x2  
  82  8:31  Overlord, Zergling x4  
  82  8:32  Zergling x2  
  85  8:40  Queen  
  87  8:57  Hatchery  
  84  9:17  Hive  
  84  9:22  Zergling x2  
  84  9:23  Zergling x14  
  84  9:24  Zergling x6  
  95  9:25  Hydralisk Den  
  95  9:27  Baneling x5  
  95  9:28  Baneling x7  
  94  9:51  Zerg Missile Weapons Level 1  
  94  9:52  Zerg Ground Armor Level 2  
  94  9:56  Hydralisk x5  
  94  9:58  Evolution Chamber  
  94  9:59  Zergling x14  
  113  10:00  Zergling x8  
  114  10:09  Hatchery  
  113  10:17  Drone x7  
  113  10:18  Drone  
  121  10:21  Hatchery  
  121  10:26  Hydralisk x4  
  121  10:27  Hydralisk x4  
  136  10:41  Zerg Melee Weapons Level 2  
  136  10:42  Evolution Chamber  
  135  10:43  Overlord x2  
  135  10:44  Overlord x6  
  134  11:00  Overseer  
  134  11:01  Overseer  
  134  11:04  Overseer  
  133  11:07  Drone  
  133  11:08  Drone x8  
  133  11:09  Drone  
  143  11:14  Viper x2  
  149  11:23  Muscular Augments  
  149  11:26  Evolution Chamber  
  149  11:29  Pneumatized Carapace  
  149  11:30  Overseer  
  149  11:31  Drone x4  
  149  11:32  Drone x3  
  155  11:50  Hydralisk x7  
  169  12:00  Extractor  
  168  12:02  Extractor  
  168  12:03  Extractor x2  
  165  12:09  Drone x2  
  165  12:10  Drone x2  
  165  12:11  Drone x2  
  165  12:12  Drone x3  
  165  12:13  Drone x3  
  165  12:14  Viper x2  
  183  12:23  Zerg Missile Weapons Level 2  
  183  12:35  Grooved Spines  
  183  12:37  Adrenal Glands  
  183  12:46  Queen  
  183  12:47  Hydralisk x3  
  183  12:48  Hydralisk x3  
  197  13:06  Hatchery  
  196  13:14  Overseer  
  194  13:36  Viper x2  
  200  13:44  Zerg Ground Armor Level 3  
  178  14:09  Hydralisk x10  
  167  14:10  Hydralisk x8  
  163  14:21  Zergling x2, Hydralisk x5  
  163  14:22  Zergling x14, Hydralisk x4  
  163  14:23  Zergling x2  
  147  14:44  Spire  
  119  14:45  Zerg Missile Weapons Level 3  
  119  14:46  Ultralisk Cavern  
  119  14:47  Zerg Melee Weapons Level 3  
  108  14:54  Overseer  
  102  15:04  Hydralisk x2  
  102  15:05  Hydralisk x3  
  102  15:06  Zergling x8, Hydralisk x5  
  102  15:07  Zergling x14  
  125  15:43  Hatchery  
  125  15:44  Hatchery  
  123  15:55  Hatchery  
  122  15:58  Overseer  
  122  16:18  Hydralisk x4  
  122  16:19  Hydralisk x8  
  146  16:36  Overlord x5  
  146  16:40  Queen x2  
  146  16:41  Queen  
  152  16:55  Hydralisk x4  
  152  16:56  Hydralisk  
Show
View Real Time Build Order
Export as new Build Order

stormspirit Protoss 

Build Orders: Oracle Opening 

Get SALT Encoding   

  12  0:01  Probe  
  13  0:13  Probe  
  14  0:22  Pylon  
  14  0:25  Probe  
  15  0:44  Probe, Gateway  
  16  0:58  Pylon  
  16  1:02  Pylon  
  16  1:03  Assimilator  
  16  1:05  Probe  
  17  1:17  Probe  
  18  1:29  Probe  
  18  1:32  Cybernetics Core  
  19  1:37  Gateway  
  19  1:40  Zealot  
  21  1:55  Assimilator  
  21  1:57  Warp Gate  
  21  2:19  Probe  
  22  2:23  Stalker x2  
  26  2:31  Probe  
  27  2:44  Probe  
  28  2:54  Stargate  
  28  2:58  Zealot  
  28  2:59  Zealot  
  32  3:10  Forge  
  32  3:28  Oracle  
  32  3:34  Gateway  
  32  3:35  Gateway  
  35  4:02  Zealot x2  
  39  4:22  Pylon  
  39  4:26  Pylon  
  39  4:30  Pylon  
  39  5:02  Stalker x2  
  39  5:03  Stalker  
  39  5:06  Stalker  
  47  5:31  Stalker x4  
  52  6:04  Fleet Beacon  
  52  6:11  Stargate, Zealot  
  52  6:12  Zealot  
  52  6:13  Stargate  
  56  7:02  Nexus  
  56  7:06  Pylon  
  56  7:09  Pylon  
  56  7:12  Assimilator  
  56  7:17  Assimilator  
  56  7:22  Carrier  
  62  7:40  Probe  
  62  7:42  Graviton Catapult  
  63  7:45  Protoss Ground Weapons Level 1  
  63  7:52  Probe  
  64  8:01  Protoss Air Weapons Level 1  
  64  8:15  Probe x2  
  66  8:27  Probe x2  
  68  8:44  Probe x2  
  70  8:49  Carrier  
  74  8:56  Probe x2  
  76  9:17  Photon Cannon  
  76  9:21  Photon Cannon  
  76  9:32  Photon Cannon  
  76  9:35  Probe x2  
  78  9:46  Carrier  
  84  10:00  Sentry x3  
  84  10:01  Sentry  
  92  10:13  Probe x2  
  94  10:31  Nexus  
  94  10:33  Pylon  
  94  10:38  Pylon  
  94  10:41  Assimilator  
  94  10:51  Probe x2  
  96  11:03  Probe x2  
  98  11:05  Sentry x4  
  106  11:38  Probe x2  
  108  11:42  Carrier x2  
  108  11:43  Probe  
  121  11:50  Probe x2  
  123  11:55  Probe  
  123  11:56  Protoss Air Weapons Level 2  
  124  12:11  Probe  
  125  12:31  Pylon  
  125  12:34  Pylon  
  125  12:38  Carrier  
  125  12:39  Pylon  
  125  12:42  Pylon  
  125  12:47  Mothership  
  125  12:48  Pylon  
  125  12:49  Probe x2  
  133  12:53  Probe  
  133  12:57  Cybernetics Core  
  134  13:01  Forge  
  134  13:02  Probe x2  
  134  13:03  Forge  
  136  13:10  Carrier  
  144  13:23  Stalker x2  
  144  13:24  Stalker x2  
  128  13:59  Carrier x2  
  124  14:32  Stalker x3  
  124  14:33  Stalker  
  130  14:49  Carrier  
  130  15:01  Stalker x4  
  144  15:16  Carrier  
  156  16:26  Stalker x4  
  164  16:48  Gateway  
  164  16:50  Gateway  
  164  16:53  Gateway  
  164  16:56  Gateway  
  164  16:58  Gateway  
  162  17:01  Gateway  
  162  17:05  Gateway  
  162  17:08  Gateway  
  160  17:11  Nexus  
  160  17:15  Assimilator  
  140  17:19  Assimilator  
Show
View Real Time Build Order
Export as new Build Order

BuddhaSister Protoss 

Build Orders: Double Forge 

Get SALT Encoding   

  12  0:00  Probe  
  13  0:13  Probe  
  14  0:21  Pylon  
  14  0:25  Probe  
  15  0:36  Probe  
  15  0:42  Gateway  
  16  0:44  Probe  
  17  0:54  Probe  
  18  1:04  Probe  
  19  1:12  Probe  
  19  1:17  Assimilator  
  20  1:20  Assimilator, Probe  
  20  1:23  Pylon  
  21  1:29  Cybernetics Core  
  21  1:32  Probe  
  22  1:44  Probe  
  23  1:53  Zealot  
  23  1:56  Warp Gate  
  23  1:57  Gateway x2  
  23  1:58  Probe  
  26  2:10  Probe  
  27  2:18  Stalker  
  27  2:22  Probe  
  30  2:25  Pylon  
  30  2:34  Probe  
  31  2:45  Zealot  
  31  2:46  Sentry  
  31  2:48  Probe, Stalker  
  38  2:55  Pylon  
  38  3:00  Probe  
  39  3:13  Probe  
  40  3:41  Nexus  
  40  3:52  Pylon  
  40  3:55  Pylon  
  40  4:08  Probe  
  41  4:12  Forge  
  41  4:21  Twilight Council  
  41  4:26  Forge  
  41  4:31  Gateway  
  41  4:36  Pylon  
  41  4:38  Blink  
  41  4:41  Probe  
  42  4:53  Probe  
  42  4:56  Protoss Ground Weapons Level 1  
  42  4:59  Protoss Ground Armor Level 1  
  43  5:05  Probe  
  44  5:07  Photon Cannon  
  44  5:17  Photon Cannon  
  44  5:22  Photon Cannon  
  44  5:23  Photon Cannon  
  44  5:25  Photon Cannon  
  44  5:40  Pylon  
  44  5:43  Probe  
  44  5:44  Probe  
  46  5:54  Pylon  
  46  5:58  Stalker  
  46  5:59  Stalker x2  
  51  6:06  Zealot  
  53  6:12  Assimilator  
  53  6:13  Assimilator  
  53  6:14  Photon Cannon  
  53  6:23  Charge  
  53  6:30  Zealot x2  
  53  6:31  Zealot x2  
  55  6:59  Photon Cannon  
  55  7:00  Protoss Ground Weapons Level 2  
  55  7:02  Probe  
  55  7:03  Stalker x2, Photon Cannon  
  55  7:04  Stalker x2  
  64  7:15  Protoss Ground Armor Level 2  
  64  7:20  Probe  
  54  7:24  Probe  
  54  7:28  Probe  
  54  7:35  Probe, Stalker  
  58  7:37  Sentry  
  58  7:38  Sentry  
  58  7:41  Sentry  
  58  7:42  Probe  
  65  7:51  Probe  
  65  7:53  Probe  
  67  7:59  Probe  
  68  8:05  Probe  
  68  8:09  Probe  
  70  8:17  Sentry x2, Zealot  
  70  8:18  Probe, Zealot  
  79  8:21  Probe  
  80  8:30  Probe  
  81  8:34  Probe  
  82  8:42  Probe x2  
  83  8:52  Probe  
  83  8:54  Probe  
  85  8:58  Robotics Facility  
  85  9:04  Probe  
  85  9:06  Probe  
  87  9:16  Probe  
  88  9:18  Probe  
  88  9:20  Zealot x4  
  97  9:28  Probe  
  97  9:30  Probe  
  99  9:32  Pylon  
  99  9:34  Pylon  
  99  9:39  Nexus  
  99  9:40  Observer, Probe  
  99  9:42  Protoss Ground Weapons Level 3  
  100  9:49  Protoss Ground Armor Level 3  
  100  9:51  Robotics Facility  
  101  9:58  Observer  
  101  9:59  Sentry x3  
  108  10:18  Gateway  
  108  10:19  Observer  
  109  10:22  Photon Cannon  
  109  10:29  Gateway  
  109  10:34  Gateway  
  109  10:41  Observer  
  110  10:50  Stalker x3  
  110  10:51  Stalker  
  110  10:52  Probe  
  110  10:54  Probe  
  120  11:02  Observer  
  121  11:17  Templar Archives  
  121  11:21  Dark Shrine  
  121  11:24  Observer x2  
  123  11:36  Stalker x2  
  123  11:37  Stalker  
  123  11:38  Stalker x2  
  133  11:45  Pylon  
  133  12:03  Observer  
  133  12:08  Zealot  
  133  12:09  Zealot x3  
  133  12:14  Psionic Storm  
  140  12:23  Robotics Bay  
  140  12:29  Pylon  
  140  12:31  Pylon  
  140  12:33  Pylon  
  140  12:34  Shadow Stride  
  140  12:37  Assimilator  
  140  12:38  Assimilator  
  140  12:41  Pylon  
  140  12:43  Probe, Pylon  
  141  12:47  Pylon  
  141  12:51  Pylon  
  141  12:53  Pylon  
  141  12:58  Nexus  
  141  13:02  High Templar  
  141  13:03  High Templar x2  
  147  13:08  Extended Thermal Lance  
  145  13:25  Stalker x3  
  151  13:38  Stalker x3  
  151  13:41  Immortal  
  141  14:20  Archon  
  121  14:29  Dark Templar x3  
  121  14:30  Dark Templar x2  
  125  14:33  Immortal x2  
  106  15:01  Colossus  
  106  15:02  Colossus  
  94  15:29  Probe x2  
  94  15:30  Probe x2  
  98  15:38  Probe  
  98  15:39  Stalker x3  
  98  15:40  Stalker x2  
  98  15:41  Probe  
  110  15:45  Colossus  
  110  15:46  Probe  
  110  15:48  Immortal  
  110  15:53  Probe  
  110  15:54  Probe  
  110  15:55  Probe x2  
  124  15:57  Assimilator  
  124  16:00  Assimilator  
  124  16:01  Probe  
  124  16:02  Probe  
  124  16:03  Probe x2  
  125  16:09  Probe  
  125  16:10  Probe  
  125  16:11  Probe x2  
  129  16:16  High Templar x2  
  129  16:17  Colossus  
  129  16:18  Dark Templar  
  145  16:36  Pylon  
  145  16:41  Pylon  
  145  16:42  Gateway  
  145  16:43  Gateway  
  145  16:44  Immortal  
  145  16:50  Robotics Facility  
  145  16:52  Robotics Facility  
Show
View Real Time Build Order
Export as new Build Order

ILIEKEGGPIE Protoss 

Build Orders:  

Get SALT Encoding   

  12  0:01  Probe  
  13  0:13  Probe  
  14  0:23  Pylon  
  14  0:25  Probe  
  15  0:37  Probe  
  16  0:43  Gateway  
  16  0:45  Probe  
  17  0:50  Assimilator  
  17  0:58  Assimilator  
  17  1:04  Probe  
  18  1:16  Probe  
  19  1:20  Gateway  
  19  1:28  Pylon  
  19  1:33  Cybernetics Core  
  19  1:39  Probe  
  20  1:47  Probe  
  21  1:55  Probe  
  22  2:05  Stalker  
  22  2:10  Stalker  
  22  2:12  Warp Gate  
  26  2:18  Probe  
  27  2:41  Pylon  
  27  2:43  Stalker  
  27  2:45  Stalker  
  31  2:52  Robotics Facility  
  31  3:10  Gateway  
  31  3:11  Pylon  
  31  3:22  Stalker x2  
  35  3:41  Warp Prism  
  37  3:58  Nexus  
  37  4:22  Probe  
  38  4:33  Pylon  
  38  4:35  Probe  
  39  4:39  Stalker x2  
  39  4:40  Stalker  
  45  4:47  Probe  
  46  4:59  Probe  
  47  5:11  Probe  
  34  5:22  Probe  
  34  5:23  Probe  
  34  5:27  Immortal  
  34  5:34  Probe, Stalker  
  34  5:35  Probe, Stalker  
  40  5:46  Probe  
  40  5:59  Pylon  
  40  6:17  Probe x2  
  42  6:26  Forge  
  42  6:29  Probe  
  43  6:38  Adept x3  
  49  6:47  Probe  
  49  6:53  Probe  
  51  6:55  Assimilator  
  51  6:56  Gateway  
  51  6:58  Assimilator  
  51  7:01  Probe  
  51  7:04  Protoss Ground Weapons Level 1  
  51  7:05  Probe  
  53  7:15  Photon Cannon  
  53  7:17  Shield Battery, Probe  
  54  7:26  Probe  
  54  7:29  Probe  
  56  7:32  Stalker x2  
  60  7:38  Probe  
  60  7:39  Probe  
  62  7:47  Probe  
  62  7:50  Probe  
  64  7:55  Robotics Bay  
  64  7:57  Sentry  
  64  7:58  Sentry x2, Photon Cannon  
  70  8:16  Nexus  
  70  8:22  Pylon  
  70  8:25  Probe x2  
  72  8:29  Assimilator  
  72  8:35  Assimilator  
  72  8:38  Pylon  
  72  8:40  Twilight Council  
  72  8:42  Pylon  
  72  8:56  Gateway  
  72  8:58  Gateway x2  
  72  9:00  Probe x2  
  74  9:12  Probe  
  74  9:15  Pylon, Photon Cannon  
  74  9:16  Extended Thermal Lance  
  75  9:18  Gateway  
  75  9:19  Gateway  
  75  9:25  Protoss Ground Weapons Level 2, Pylon, Charge  
  75  9:41  Probe  
  75  9:43  Probe x2  
  78  9:55  Probe x2  
  78  9:59  Stalker x3  
  86  10:11  Gateway x2  
  86  10:24  Stalker  
  86  10:25  Stalker x4  
  96  10:48  Colossus  
  96  10:57  Nexus  
  96  10:59  Pylon  
  96  11:02  Colossus  
  102  11:12  Robotics Facility  
  102  11:18  Pylon, Photon Cannon  
  102  11:20  Gateway  
  102  11:21  Gateway  
  102  11:25  Probe x2  
  104  11:29  Probe  
  105  11:34  Stalker x2  
  105  11:35  Stalker  
  105  11:37  Probe x2  
  105  11:39  Robotics Facility  
  113  11:51  Colossus  
  119  12:08  Stalker x5  
  123  12:09  Stalker x3  
  135  12:16  Assimilator  
  135  12:17  Colossus  
  135  12:22  Assimilator  
  141  12:32  Colossus  
  147  12:39  Protoss Ground Weapons Level 3  
  147  12:45  Blink  
  147  12:48  Pylon  
  147  12:51  Pylon  
  147  12:56  Forge  
  147  12:59  Forge  
  147  13:00  Adept x5  
  147  13:01  Adept  
  159  13:07  Pylon  
  159  13:09  Pylon  
  159  13:40  Observer x3  
  110  14:01  Observer  
  85  14:10  Colossus  
  85  14:14  Adept x4  
  85  14:15  Sentry x2  
  85  14:16  Stalker x2  
  107  14:35  Stalker x5  
  107  14:36  Stalker x2  
  121  14:42  Protoss Shields Level 1, Protoss Ground Armor Level 1  
  121  14:43  Templar Archives  
  115  15:05  Stalker x2  
  115  15:06  Stalker x6  
  131  15:07  Stalker x3  
  137  15:35  Colossus x2  
  149  15:49  Stalker  
  151  15:50  Stalker x4  
  151  15:54  Psionic Storm  
  159  16:01  Colossus  
  165  16:07  Gateway  
  165  16:09  Gateway  
  163  16:31  Sentry  
  163  16:32  Sentry x2, High Templar  
  169  16:33  High Templar x5  
  169  16:38  Pylon  
  181  16:41  Pylon  
  123  17:14  Nexus  
  83  17:15  Assimilator  
  83  17:16  Pylon  
  83  17:19  Pylon  
  83  17:20  Stalker x6  
  83  17:21  Assimilator, Stalker x3, Pylon  
  83  17:22  Pylon  
  97  17:25  Pylon  
Tags
 
Add a new tag
Caveats
  • Supply blocks, unpowered buildings, or Contaminate may cause inaccurate times.
  • Supply counts are checked every 10 seconds.